 Dungeon Crawl Stone Soup version 0.21-a0-37-g7dc85f4 (webtiles) character file.

2541 sveltemanboy the Carver (level 9, -14/56 HPs)
             Began as a Demonspawn Monk on May 28, 2017.
             Was a High Priest of Hepliaklqana.
             Demolished by a komodo dragon (20 damage)
             ... on level 7 of the Dungeon.
             The game lasted 00:17:28 (7454 turns).

sveltemanboy the Carver (Demonspawn Monk)           Turns: 7454, Time: 00:17:29

Health: -14/56     AC:  9    Str: 18    XL:     9   Next: 30%
Magic:  0/15       EV: 12    Int: 12    God:    Hepliaklqana [*****.]
Gold:   272        SH:  0    Dex: 15    Spells: 8/8 levels left

rFire    + . .     SeeInvis .   F - +0 long sword
rCold    x . .     Gourm    .   (no shield)
rNeg     . . .     Faith    .   t - +1 ring mail of the Trombone {Str+3}
rPois    .         Spirit   +   (helmet restricted)
rElec    .         Reflect  .   b - +1 cloak
rCorr    .         Harm     +   j - +0 pair of gloves
MR       .....                  d - +0 pair of boots
Stlth    +.........             B - amulet of harm
Regen    0.2/turn               x - ring of fire
MPRegen  0.3/turn               (no ring)

@: corroded
A: reduced essence, antennae 1, iridescent scales 1, magic shield, magic
regeneration, magic link
a: Recall Ancestor, Ancestor Identity, Transference, Idealise, Renounce Religion


You were on level 7 of the Dungeon.
You worshipped Hepliaklqana.
Hepliaklqana was extremely pleased with you.
You were not hungry.

You visited 1 branch of the dungeon, and saw 7 of its levels.

You collected 314 gold pieces.
You spent 42 gold pieces at shops.

Inventory:

Hand Weapons
 F - a +0 long sword (weapon)
Armour
 b - a +1 cloak (worn)
 d - a +0 pair of boots (worn)
 j - a +0 pair of gloves (worn)
 t - the +1 ring mail of the Trombone (worn) {Str+3}
   (You found it on level 4 of the Dungeon)

   It affects your strength (+3).
Jewellery
 x - a ring of fire (left hand)
 B - an amulet of harm (around neck)
Wands
 m - a wand of flame (14/48)
 r - a wand of paralysis (3/24)
 u - a wand of flame (17/48)
 D - a wand of iceblast (9/15)
 E - a wand of enslavement (2/24)
Scrolls
 e - 2 scrolls of teleportation {unknown}
 h - a scroll of brand weapon {unknown}
 i - 7 scrolls of remove curse
 k - a scroll of random uselessness {unknown}
 l - 4 scrolls of recharging {unknown}
 n - 2 scrolls of identify {unknown}
 p - 3 scrolls of fog {unknown}
 v - a scroll of enchant weapon {unknown}
 w - 4 scrolls of magic mapping {unknown}
 y - a scroll of fear
Potions
 f - a potion of agility
 g - a potion of might
 o - 2 potions of lignification
 q - 3 potions of mutation {unknown}
 z - a potion of cancellation {unknown}
 C - 2 potions of degeneration {unknown}
 G - a potion of ambrosia {unknown}
Comestibles
 a - 2 chunks of flesh
 c - 4 bread rations
 s - 2 meat rations
 A - a royal jelly


   Skills:
 - Level 3.0 Fighting
 * Level 9.8 Long Blades
 - Level 3.0 Armour
 - Level 3.0 Dodging
 - Level 1.7 Stealth
 + Level 8.0 Invocations


You had 8 spell levels left.
You didn't know any spells.

Dungeon Overview and Level Annotations

Branches:
Dungeon (7/15)             Temple (0/1) D:6

Altars:
Hepliaklqana
Kikubaaqudgha
Okawaru
Ru
Sif Muna
Trog
Xom
Yredelemnul
Zin

Shops:
D:5 *

Annotations:
D:5 1 runed door


Innate Abilities, Weirdness & Mutations

You have a pair of small antennae on your head.
You are partially covered in iridescent scales. (AC +2)
When hurt, damage is shared between your health and your magic reserves.
You regenerate magic rapidly.
When low on magic, you restore magic in place of health.
Your life essence is reduced. (-10% HP)


Message History

You hit the komodo dragon but do no damage.
The komodo dragon is heavily wounded.
Sander gestures at the komodo dragon while chanting.
The komodo dragon easily resists.
The komodo dragon bites Sander!
You barely miss the komodo dragon.
The komodo dragon is heavily wounded.
Sander casts a spell at the komodo dragon.
The komodo dragon easily resists.
The komodo dragon bites Sander!
Sander is destroyed!
You barely miss the komodo dragon.
The komodo dragon hisses angrily.
The komodo dragon is heavily wounded.
You hit the komodo dragon but do no damage.
The komodo dragon is heavily wounded.
The komodo dragon bites you!!
* * * LOW HITPOINT WARNING * * *
You barely miss the komodo dragon.
The komodo dragon is heavily wounded.
The komodo dragon bites you!!
You die...

.# #.# #..# ..Z. .#
#.###..#### ♣♣...♣♣ .#
#..#...#..# ♣♣.....♣♣ .#
#.........## ♣♣.......♣♣
.######..........# ♣...≈≈≈...♣
#.......#........###..≈≈≈≈≈...
#.#####............#..≈≈♣≈≈...
.....##.....#.......).≈≈≈≈≈...
..#.......##....@......≈≈≈....
..###....###.....l............
..# ##....##......#..#.....!.#
.## #...#.........#..##..##.##
. #.#####..#...##..#.### # .
## ##.##........# #
##.##..####### ###....###
#..###.##


You could see a komodo dragon.

Vanquished Creatures
  An ice beast (D:6)
  2 phantoms
  2 ogres (D:6)
  The ghost of Winston the Shooter, an amateur DsHu (D:3)
  4 centaurs
  A bullfrog (D:7)
  A water moccasin zombie (D:6)
  A scorpion (D:5)
  4 killer bees (D:7)
  2 crimson imps (D:6)
  A bullfrog zombie (D:6)
  2 jellies (D:6)
  2 iguanas
  2 hounds (D:6)
  2 orc priests
  4 orc wizards
  Ijyb (D:4)
  7 worker ants
  A gnoll (D:6)
  4 adders
  A shadow imp (D:5)
  4 worms
  2 leopard geckos
  21 orcs
  9 bats
  6 giant cockroaches
  9 goblins
  5 hobgoblins
  8 jackals
  7 kobolds
  2 quokkas (D:2)
  3 frilled lizards
  A goblin skeleton (D:5)
  A jackal skeleton (D:5)
  A leopard gecko skeleton (D:4)
  7 rats
132 creatures vanquished.

Vanquished Creatures (collateral kills)
  2 bullfrogs
  A killer bee (D:7)
  A crimson imp (D:6)
  A jelly (D:7)
  A bullfrog skeleton (D:4)
  An orc priest (D:6)
  5 orc wizards
  2 iguanas (D:5)
  3 adders
  2 worms
  A leopard gecko (D:2)
  6 orcs
  A goblin (D:3)
  A hobgoblin (D:3)
  3 jackals
  A quokka (D:3)
  A bat (D:3)
  A frilled lizard (D:3)
  A goblin skeleton (D:5)
  3 kobolds (D:3)
  A rat (D:3)
39 creatures vanquished.

Vanquished Creatures (others)
  An orc warrior (D:6)
  3 hexers
4 creatures vanquished.

Grand Total: 175 creatures vanquished

Notes
Turn   | Place    | Note
-------+----------+-------------------------------------------
     0 | D:1      | sveltemanboy the Demonspawn Monk began the quest for the Orb.
     0 | D:1      | Reached XP level 1. HP: 18/18 MP: 1/1
   230 | D:1      | Gained mutation: When hurt, damage is shared between your health and your magic reserves. [demonic ancestry]
   230 | D:1      | Reached XP level 2. HP: 14/24 MP: 2/2
   436 | D:1      | Reached skill level 3 in Long Blades
   858 | D:1      | Reached skill level 1 in Armour
  1079 | D:2      | Found a hazy altar of Hepliaklqana.
  1084 | D:2      | Reached XP level 3. HP: 25/29 MP: 3/3
  1095 | D:2      | Became a worshipper of Hepliaklqana the Forgotten
  1095 | D:2      | Reached * piety under Hepliaklqana
  1095 | D:2      | Reached ** piety under Hepliaklqana
  1096 | D:2      | Remembered your ancestor Sander as a hexer
  1590 | D:2      | Found an ancient bone altar of Kikubaaqudgha.
  1844 | D:2      | Found a basalt altar of Yredelemnul.
  2328 | D:3      | Gained mutation: You regenerate magic rapidly. [demonic ancestry]
  2328 | D:3      | Reached XP level 4. HP: 22/31 MP: 1/4
  2360 | D:3      | Reached skill level 4 in Long Blades
  2396 | D:3      | Noticed Winston's ghost (amateur DsHu)
  2478 | D:3      | Killed Winston's ghost
  2478 | D:3      | Gained mutation: You are partially covered in iridescent scales. (AC +2) [demonic ancestry]
  2478 | D:3      | Reached XP level 5. HP: 16/36 MP: 1/5
  2767 | D:3      | Reached skill level 5 in Long Blades
  2776 | D:3      | Reached *** piety under Hepliaklqana
  3245 | D:4      | Gained mutation: When low on magic, you restore magic in place of health. [demonic ancestry]
  3245 | D:4      | Reached XP level 6. HP: 35/42 MP: 4/6
  3548 | D:4      | Got a polished ring mail
  3559 | D:4      | Identified the +1 ring mail of the Trombone {Str+3} (You found it on level 4 of the Dungeon)
  3603 | D:4      | Noticed Ijyb
  3604 | D:4      | Paralysed by Ijyb for 5 turns
  3613 | D:4      | Killed Ijyb
  3617 | D:4      | Reached skill level 1 in Invocations
  3672 | D:4      | Reached skill level 6 in Long Blades
  3705 | D:4      | Found a deep blue altar of Sif Muna.
  3742 | D:4      | Found a sacrificial altar of Ru.
  3939 | D:4      | Reached XP level 7. HP: 38/46 MP: 8/8
  4211 | D:5      | Entered Level 5 of the Dungeon
  4430 | D:5      | Found a runed door.
  4430 | D:5      | Noticed a human
  4434 | D:5      | Found a basalt altar of Yredelemnul.
  4639 | D:5      | Found Agityuf's General Store.
  4646 | D:5      | Bought a scroll of fear for 42 gold pieces
  4696 | D:5      | Found an iron altar of Okawaru.
  4897 | D:5      | Found a shimmering altar of Xom.
  5061 | D:5      | Reached skill level 7 in Long Blades
  5387 | D:6      | Reached **** piety under Hepliaklqana
  5433 | D:6      | Gained mutation: You have a pair of small antennae on your head. [demonic ancestry]
  5433 | D:6      | Reached XP level 8. HP: 19/52 MP: 6/11
  5497 | D:6      | Reached skill level 5 in Invocations
  5757 | D:6      | Reached skill level 8 in Long Blades
  6454 | D:6      | Reached skill level 9 in Long Blades
  6611 | D:6      | Found a staircase to the Ecumenical Temple.
  6674 | D:6      | Reached XP level 9. HP: 41/56 MP: 14/14
  6752 | D:6      | Found a glowing silver altar of Zin.
  7338 | D:7      | Reached ***** piety under Hepliaklqana
  7355 | D:7      | Found a bloodstained altar of Trog.
  7432 | D:7      | Noticed a komodo dragon
  7454 | D:7      | Demolished by a komodo dragon

Vault maps used:
D:1:      lightli_arrival_maybe_door_vault
D:2:      nicolae_overflow_crystal_walls, nicolae_overflow_hidden_temple,
          lemuel_round_altar
D:4:      minmay_wonky_spiral, kennysheep_little_box, hangedman_ru_absence,
          uniq_ijyb
D:5:      kennysheep_mini, basic_altar, serial_shops, nicolae_shop_stone,
          first_bread, dk_yredelemnul_ordeal
D:6:      zin_treasury, minmay_temple_entry_glass, st_stairs_4
D:7:      lemuel_crystal_altar, grunt_qazlal_clouds, elyvilon_altar_3,
          uniq_prince_ribbit1

Skill      XL: |  1  2  3  4  5  6  7  8  9 |
---------------+----------------------------+-----
Long Blades    | 3 4 5 6 7 9 |  9.8
Dodging        | 3 |  3.0
Armour         | 1 2 3 |  3.0
Invocations    | 2 4 7 8 |  8.0
Fighting       | |  3.0
Stealth        | |  1.7

Action                   |  1- 3 |  4- 6 |  7- 9 || total
-------------------------+-------+-------+-------++-------
Melee: Falchion          |    23 |    28 |    90 ||   141
       Whip              |    17 |       |       ||    17
       Dagger            |    95 |   129 |   133 ||   357
       Long sword        |       |       |    70 ||    70
Invok: Ancestor Life: He |     1 |       |       ||     1
       Ancestor Identity |     1 |       |       ||     1
       Recall Ancestor   |       |       |     1 ||     1
Evoke: Wand              |       |       |     5 ||     5
  Use: Potion            |       |     8 |     1 ||     9
       Scroll            |       |       |     1 ||     1
 Stab: Sleeping          |     9 |       |       ||     9
       Confused          |     1 |       |     3 ||     4
       Distracted        |       |       |     4 ||     4
       Paralysed         |       |       |     1 ||     1
  Eat: Chunk             |     4 |     6 |    11 ||    21
Armor: Robe              |    18 |       |       ||    18
       Ring mail         |    19 |    60 |   106 ||   185
       Skin              |       |     2 |    46 ||    48
Dodge: Dodged            |    81 |    96 |   134 ||   311
       Rpst.: Falchion   |     9 |     6 |    11 ||    26
       Long sword        |       |       |    14 ||    14
